[Event "DVM U14 2021"]
[Site "Willingen"]
[Date "2022.08.13"]
[Round "1"]
[White "Sidletskyi, Ivan"]
[Black "Eichhorn, Valentin"]
[Result "1-0"]
[ECO "B47"]
[WhiteElo "2075"]
[BlackElo "1506"]
[Annotator "NA RC"]
[PlyCount "59"]
[EventDate "2022.08.12"]
[EventType "team-tourn"]
[EventRounds "7"]
[EventCountry "GER"]
[SourceTitle "playchess.com"]
[Source "ChessBase"]
[SourceQuality "1"]
[TimeControl "40/5400+30:1800+30"]

1. e4 c5 2. Nf3 e6 3. d4 cxd4 4. Nxd4 Nc6 5. Nc3 Qc7 6. g3 a6 7. Bg2 Nf6 8. O-O Nxd4 9. Qxd4 Bc5 10. Bf4 d6 11. Qd2 h6 12. Rad1 e5 13. Be3 Bb4 14. Nb5 axb5 15. Qxb4 Rxa2 16. Rxd6 Rxb2 $16 17. Qxb2 Qxd6 18. Qxb5+ Bd7 19. Qa5 Qa6 20. Qxe5+ Qe6 21. Qc5 Nxe4 22. Qb4 Bc6 23. Ra1 Kd7 24. Qd4+ Qd5 25. Bxe4 Qxd4 26. Bxc6+ bxc6 27. Bxd4 Rg8 28. Ra7+ Ke6 29. c4 f6 30. Bc5 1-0

[Event "DVM U14 2021"]
[Site "Willingen"]
[Date "2022.08.13"]
[Round "1"]
[White "Krüger, Arthur"]
[Black "Chugunov, Ivan"]
[Result "1-0"]
[ECO "B12"]
[WhiteElo "1996"]
[BlackElo "1630"]
[Annotator "TA"]
[PlyCount "91"]
[EventDate "2022.08.12"]
[EventType "team-tourn"]
[EventRounds "7"]
[EventCountry "GER"]
[SourceTitle "playchess.com"]
[Source "ChessBase"]
[SourceQuality "1"]
[TimeControl "40/5400+30:1800+30"]

1. e4 c6 2. d4 d5 3. e5 Bf5 4. Nf3 e6 5. Be2 Nd7 6. O-O h6 7. a4 {[%emt 0:04:08] B12: Caro-Kann: Advance Variation.} Ne7 8. Nbd2 Ng6 {[%emt 0:08:54] 8...a5 is a critical line.} (8... c5) (8... c5 $11 {might be stronger.}) 9. Nb3 $14 {[%emt 0:03:00] White is slightly better.} Be7 {[%emt 0:02:15] [#]} 10. Re1 $146 (10. Ne1) (10. Ne1 $16) ({Predecessor:} 10. a5 O-O 11. Ne1 Nh8 12. f4 Bh7 13. Bd3 f5 14. c4 a6 15. Nf3 g5 16. cxd5 cxd5 {1-0 (43) Rasulov,V (2478)-Ezat,M (2417) Chess.com INT 2021}) 10... O-O $11 11. Bd3 Bxd3 12. Qxd3 Qe8 13. Qe2 f6 14. exf6 Rxf6 15. Ne5 (15. Be3) (15. Be3 $11) 15... Ndxe5 $1 $17 16. dxe5 Rf5 17. Be3 Rxe5 (17... Nxe5 $6 18. Nd4 Rf6 19. Bxh6 $1 Rxh6 20. Qxe5 $11) 18. Qd2 Qf7 19. Bc5 Bg5 20. Qc3 Bf6 {[%emt 0:15:27] Hoping for ...Rg5.} 21. Bd4 (21. Rxe5 $17 Bxe5 22. Bd4 Bxd4 23. Nxd4) 21... Rf5 {[%emt 0:02:47] And now ...e5 would win.} 22. Bxf6 Rxf6 ({Stronger than} 22... Qxf6 23. Qxf6 Rxf6 24. f3 $17 (24. Nc5 e5 $17)) 23. f3 Rf8 24. a5 Nh4 25. Kh1 $2 {[%emt 0:06:14] [#]} (25. Re2 $17) 25... Qh5 $2 (25... Nxg2 $1 $19 26. Kxg2 Rxf3) 26. Re5 Qg6 27. Rg1 Rf5 28. Nc5 ({White should play} 28. Rxf5 $15 Qxf5 29. Qc5) 28... Rxe5 29. Qxe5 {[%emt 0:00:19] [#]} Qxc2 (29... Rxf3 $1 $17 30. Qe1 {[#]} Qf6 $1) 30. Nxe6 $11 Rf7 31. Qb8+ Kh7 32. Nf8+ Rxf8 33. Qxf8 {[%emt 0:00:11][%mdl 4096] Endgame KQR-KQN} d4 $2 (33... Ng6 $16 34. Qb4 Ne5) 34. Qf4 $18 Nf5 35. g4 Ne3 (35... Nh4 36. g5 Qd3) 36. Qxd4 Qf2 37. Qf4 Nf1 $2 (37... Nd5 38. Qf5+ Kg8 39. Qe6+ Kh8 40. Qc8+ Kh7 41. Qf5+ Kg8) 38. Qe4+ Kh8 39. Rg2 Qc5 40. Qe8+ Kh7 41. Qe4+ Kh8 42. g5 {[%emt 0:00:00] Intending Qe8+ and mate. White is clearly winning.} hxg5 43. Qe8+ Kh7 44. Qh5+ Kg8 45. Rxg5 (45. Re2 $142 Ne3 46. Qe8+ Qf8 47. Qxe3) 45... Qf8 46. Re5 {[%emt 0:00:00] Weighted Error Value: White=0.52/Black=0.52} 1-0

[Event "DVM U14 2021"]
[Site "Willingen"]
[Date "2022.08.13"]
[Round "1"]
[White "Schwartz, Oliver"]
[Black "Fuhrmann, Bahne"]
[Result "*"]
[ECO "D85"]
[WhiteElo "1872"]
[BlackElo "1973"]
[Annotator "TA"]
[PlyCount "37"]
[EventDate "2022.08.12"]
[EventType "team-tourn"]
[EventRounds "7"]
[EventCountry "GER"]
[SourceTitle "playchess.com"]
[Source "ChessBase"]
[SourceQuality "1"]
[TimeControl "40/5400+30:1800+30"]

1. d4 Nf6 2. c4 g6 3. Nc3 d5 4. cxd5 Nxd5 5. e4 Nxc3 6. bxc3 Bg7 7. Nf3 c5 8. Be2 Nc6 9. d5 Bxc3+ 10. Bd2 Bxa1 11. Qxa1 Nd4 12. Nxd4 cxd4 13. Qxd4 O-O 14. O-O {[%emt 0:00:23] D85: Exchange Grünfeld: Unusual White 7th moves and lines with 7 Nf3.} Qb6 15. Qc3 {[%emt 0:00:20] 15.Qc3 has become a bit dusty these days.} Bd7 {[%emt 0:11:44] aiming for ...Rfc8.} 16. Be3 {[%emt 0:18:19] [#]} (16. Bh6 $5 f6 17. Bxf8 Kxf8 18. g3 $11) 16... Qf6 $146 ({Predecessor:} 16... Qd6 17. Bh6 f6 18. Bxf8 Rxf8 19. Qb3 b6 20. Bb5 Bxb5 21. Qxb5 Rc8 22. g3 Rc5 {0-1 (56) Iljin,T (2273)-Chirila,I (2536) Chess.com INT 2020}) 17. Bd4 {[%emt 0:12:55] This bishop pair is nice.} (17. e5 Qh4 18. Qb2 (18. Qc7 Qa4)) 17... Qh4 (17... Qf4) (17... Qf4 $15 18. Bd3 Rfc8) 18. f4 Rac8 {[%emt 0:11:59] Against Qc7} 19. Qe3 {Weighted Error Value: White=0.11 (very precise) /Black=0.19 (very precise)} *

[Event "DVM U14 2021"]
[Site "Willingen"]
[Date "2022.08.13"]
[Round "1"]
[White "Bungarten, Jona"]
[Black "Bongardt, Livius"]
[Result "1/2-1/2"]
[ECO "C56"]
[WhiteElo "1834"]
[BlackElo "1756"]
[Annotator "NA RC COMBH"]
[PlyCount "67"]
[EventDate "2022.08.12"]
[EventType "team-tourn"]
[EventRounds "7"]
[EventCountry "GER"]
[SourceTitle "playchess.com"]
[Source "ChessBase"]
[SourceQuality "1"]
[TimeControl "40/5400+30:1800+30"]

1. e4 e5 2. Nf3 Nc6 3. Bc4 Nf6 4. d4 exd4 5. O-O Bc5 6. e5 d5 7. exf6 dxc4 8. Re1+ Be6 9. fxg7 Rg8 10. Bg5 Be7 11. Bxe7 Kxe7 12. Re4 $14 d3 13. Nc3 Rxg7 14. cxd3 Qxd3 15. Nd5+ Kf8 16. Qxd3 cxd3 17. Nxc7 Bf5 18. Rf4 Rc8 19. Rxf5 Rxc7 20. Rd1 Rd7 21. Ne1 d2 22. Nf3 Nd4 23. Nxd4 Rxd4 24. Rc5 Re4 25. Kf1 Re1+ 26. Rxe1 dxe1=Q+ 27. Kxe1 Rxg2 28. Rc7 Rg1+ 29. Ke2 Ra1 30. a3 b5 31. Rxa7 Ra2 32. Ra5 Rxb2+ 33. Ke3 b4 34. axb4 1/2-1/2

[Event "DVM U14 2021"]
[Site "Willingen"]
[Date "2022.08.13"]
[Round "1"]
[White "Prinzen, Siri Marleen"]
[Black "Bolz, Jannis"]
[Result "0-1"]
[ECO "D93"]
[WhiteElo "1801"]
[BlackElo "1616"]
[Annotator "NA RC COMBH"]
[PlyCount "118"]
[EventDate "2022.08.12"]
[EventType "team-tourn"]
[EventRounds "7"]
[EventCountry "GER"]
[SourceTitle "playchess.com"]
[Source "ChessBase"]
[SourceQuality "1"]
[TimeControl "40/5400+30:1800+30"]

1. d4 Nf6 2. Bf4 g6 3. c4 Bg7 4. Nf3 O-O 5. Nc3 d5 6. e3 e6 (6... c5 $11 {might be stronger.}) 7. Be2 $11 c5 8. h3 a6 9. O-O Nc6 10. Ne5 ({Better is} 10. dxc5 $16 Re8 11. cxd5 Nxd5 12. Nxd5 exd5 13. Bd6) 10... cxd4 11. exd4 Nd7 12. Nxc6 bxc6 13. cxd5 cxd5 14. Na4 e5 15. dxe5 Nxe5 16. Rc1 Be6 17. Re1 Nd7 18. Bf3 Qa5 19. a3 Rac8 20. Rxc8 Rxc8 21. Bd6 d4 22. b4 Qb5 23. Nc5 Nxc5 24. Bxc5 Rd8 25. Re2 Bc4 26. Rd2 d3 27. a4 Qd7 28. Qc1 Qe6 29. Rd1 Bb3 30. Rf1 d2 31. Qb1 Bxa4 32. Kh1 Qd7 33. Bd1 Bb5 34. Rg1 Bd4 35. Bg4 Qd5 36. Qc2 Bxc5 37. bxc5 Qd4 38. c6 f5 39. Bf3 Ba4 40. Qa2+ Kg7 41. Bd1 Bxc6 42. Qxa6 Bd5 43. Qa3 Re8 44. Qa5 Bf7 45. Ba4 Re1 46. Rxe1 dxe1=Q+ 47. Qxe1 Qxa4 48. Qe5+ Kg8 49. Kh2 Qe8 50. Qd6 Qe6 51. Qd8+ Kg7 52. Qd4+ Qf6 53. Qf4 g5 54. Qg3 h6 55. Qc7 Kg6 56. f4 g4 57. Qc1 Be6 58. Qe3 h5 59. Qf2 h4 0-1

[Event "DVM U14 2021"]
[Site "Willingen"]
[Date "2022.08.13"]
[Round "1"]
[White "Braeutigam, Katerina"]
[Black "Hoffmann, Kay"]
[Result "0-1"]
[ECO "B01"]
[WhiteElo "1781"]
[BlackElo "1653"]
[Annotator "NA RC COMBH"]
[PlyCount "56"]
[EventDate "2022.08.12"]
[EventType "team-tourn"]
[EventRounds "7"]
[EventCountry "GER"]
[SourceTitle "playchess.com"]
[Source "ChessBase"]
[SourceQuality "1"]
[TimeControl "40/5400+30:1800+30"]

1. e4 d5 2. exd5 Qxd5 3. Nc3 Qd6 4. d4 Nf6 5. Nf3 a6 6. Bc4 Bg4 7. h3 Bh5 8. g4 Bg6 9. Ne5 Nc6 10. Nxg6 hxg6 11. Be3 Qb4 12. Bb3 e6 13. a3 Qd6 14. Qf3 O-O-O 15. g5 Nh7 16. Qxf7 Nxd4 17. Bxd4 Nxg5 18. Bxe6+ Kb8 19. Qxg6 Nf3+ 20. Kf1 Qxd4 21. Qg4 Nd2+ 22. Kg2 Bc5 23. Qxd4 Bxd4 24. Rad1 Bc5 25. Rhe1 Rd6 26. Bd5 Rg6+ 27. Kh2 Bd6+ 28. f4 Bxf4+ 0-1

[Event "DVM U14 2021"]
[Site "Willingen"]
[Date "2022.08.13"]
[Round "1"]
[White "Nitsche, Nikolai"]
[Black "Ehrig, Leon Chris"]
[Result "1/2-1/2"]
[ECO "A14"]
[WhiteElo "1764"]
[BlackElo "1832"]
[Annotator "NA RC COMBH"]
[PlyCount "52"]
[EventDate "2022.08.12"]
[EventType "team-tourn"]
[EventRounds "7"]
[EventCountry "GER"]
[SourceTitle "playchess.com"]
[Source "ChessBase"]
[SourceQuality "1"]
[TimeControl "40/5400+30:1800+30"]

1. g3 Nf6 2. Bg2 d5 3. Nf3 e6 4. O-O Be7 5. c4 O-O 6. d3 c5 7. cxd5 exd5 8. Re1 (8. d4 $142) 8... Nc6 9. Bf4 Qb6 10. Qc1 c4 ({Better is} 10... h6 $15) 11. dxc4 Bc5 (11... Be6 $11) 12. e3 Nb4 $16 13. Rd1 Bf5 14. Ne1 dxc4 15. Qxc4 Rac8 16. Qe2 Nc2 17. Nxc2 Qxb2 18. Nd2 Qxc2 19. Bxb7 Ba3 20. Bxc8 Rxc8 21. Qb5 h6 22. Be5 Ng4 23. Bd4 Be6 24. Qb1 Qc6 25. Qe4 Qd7 26. h3 Bf5 1/2-1/2

[Event "DVM U14 2021"]
[Site "Willingen"]
[Date "2022.08.13"]
[Round "1"]
[White "Englert, Luca"]
[Black "Helmbrecht, Paul"]
[Result "1-0"]
[ECO "B13"]
[WhiteElo "1741"]
[BlackElo "1661"]
[Annotator "NA RC COMBH"]
[PlyCount "105"]
[EventDate "2022.08.12"]
[EventType "team-tourn"]
[EventRounds "7"]
[EventCountry "GER"]
[SourceTitle "playchess.com"]
[Source "ChessBase"]
[SourceQuality "1"]
[TimeControl "40/5400+30:1800+30"]

1. e4 c6 2. d4 d5 3. exd5 cxd5 4. Bd3 Nf6 5. Bf4 Nc6 6. c3 g6 7. Nd2 Bg7 8. h3 Be6 9. Ngf3 Rc8 10. Nb3 Bf5 11. Bxf5 gxf5 12. Qd3 Ne4 13. Qb5 Qd7 14. Ng5 Ne5 15. Qe2 Ng6 16. Nxe4 fxe4 17. Bd2 O-O 18. h4 e5 19. Nc5 Qc6 20. h5 Nf4 21. Bxf4 exf4 22. Qg4 Qh6 23. Rh4 f3 24. gxf3 f5 25. Qf4 Qxf4 26. Rxf4 Bh6 27. Rh4 exf3 28. Rh3 Rfe8+ 29. Kf1 Re2 30. Rb1 Rce8 31. Nd7 Bg7 32. Rxf3 Rc2 33. h6 Re7 34. hxg7 Rxd7 35. Rxf5 Rf7 36. Rxf7 Kxf7 37. Kg2 Kxg7 38. Kf3 Kf6 39. a4 h5 40. Kg3 Kf5 41. Re1 Rxb2 42. Re5+ Kg6 43. Rxd5 Ra2 44. Rd7 Rxa4 45. Rxb7 Rc4 46. Rb3 Kg5 47. Rb5+ Kg6 48. Rc5 Rxc5 49. dxc5 h4+ 50. Kxh4 Kf5 51. f4 Ke6 52. c6 Kd6 53. f5 1-0

[Event "DVM U14 2021"]
[Site "Willingen"]
[Date "2022.08.13"]
[Round "1"]
[White "Fettig, Konrad"]
[Black "Liu, Leon"]
[Result "0-1"]
[ECO "B13"]
[WhiteElo "1677"]
[BlackElo "1256"]
[Annotator "NA RC COMBH"]
[PlyCount "118"]
[EventDate "2022.08.12"]
[EventType "team-tourn"]
[EventRounds "7"]
[EventCountry "GER"]
[SourceTitle "playchess.com"]
[Source "ChessBase"]
[SourceQuality "1"]
[TimeControl "40/5400+30:1800+30"]

1. e4 c6 2. d4 d5 3. exd5 cxd5 4. c3 Bf5 5. Bd3 Bxd3 6. Qxd3 Nc6 7. Nf3 e6 8. Bf4 Nf6 9. Nbd2 Be7 10. O-O O-O 11. Rfe1 Qb6 12. Ne5 Rac8 13. Bg5 Nxe5 14. dxe5 Ng4 15. Bxe7 Qxf2+ 16. Kh1 Qxe1+ 17. Rxe1 Nf2+ 18. Kg1 Nxd3 19. Rf1 Rfe8 20. Ba3 Nxe5 21. Re1 Nc4 22. Nxc4 Rxc4 23. Kf2 Rec8 24. Rd1 Ra4 25. g4 Rxa3 26. bxa3 Rxc3 27. Rb1 Rxa3 28. Rxb7 g6 29. Rb2 Kg7 30. Rd2 Kf6 31. Kg2 Kg5 32. h3 Kh4 33. Rf2 f5 34. gxf5 exf5 35. Rd2 Rg3+ 36. Kf2 Rxh3 37. Rxd5 Rh2+ 38. Kf3 Rxa2 39. Rd7 h5 40. Rd1 Kg5 41. Rg1+ Kh6 42. Rh1 a5 43. Rb1 a4 44. Rb4 Ra1 45. Ke2 a3 46. Kd2 a2 47. Kc2 Rc1+ 48. Kxc1 a1=Q+ 49. Rb1 Qxb1+ 50. Kxb1 h4 51. Kc1 h3 52. Kd1 h2 53. Ke2 h1=Q 54. Kf2 Qe4 55. Kg3 f4+ 56. Kf2 Qe3+ 57. Kf1 Qg3 58. Ke2 f3+ 59. Kf1 Qg2+ 0-1

[Event "DVM U14 2021"]
[Site "Willingen"]
[Date "2022.08.13"]
[Round "1"]
[White "Trenz, Finn"]
[Black "von Beckh, Frieda"]
[Result "1-0"]
[ECO "A36"]
[WhiteElo "1667"]
[BlackElo "1548"]
[Annotator "NA RC COMBH"]
[PlyCount "71"]
[EventDate "2022.08.12"]
[EventType "team-tourn"]
[EventRounds "7"]
[EventCountry "GER"]
[SourceTitle "playchess.com"]
[Source "ChessBase"]
[SourceQuality "1"]
[TimeControl "40/5400+30:1800+30"]

1. e4 c5 2. c4 Nc6 3. Nc3 g6 4. g3 Bg7 5. Bg2 Nf6 6. Nge2 O-O 7. O-O Ne8 8. d3 Nc7 9. Be3 Ne6 10. a3 Ned4 11. Rb1 a5 12. a4 d6 13. Nb5 Nxb5 14. axb5 Ne5 15. h3 f5 16. Kh2 fxe4 17. Bxe4 Qd7 18. Bd5+ Kh8 19. Bg2 Qf5 20. Nf4 g5 21. Be4 Qd7 22. Qh5 h6 23. Ng6+ Nxg6 24. Bxg6 Rf6 25. Be4 Kg8 26. f4 g4 27. Bd2 gxh3 28. Bc3 Rf7 29. Bxg7 Rxg7 30. Rbe1 e6 31. f5 Qf7 32. Qxh6 Rh7 33. Qg5+ Qg7 34. Qd8+ Qf8 35. Qxf8+ Kxf8 36. fxe6+ 1-0

[Event "DVM U14 2021"]
[Site "Willingen"]
[Date "2022.08.13"]
[Round "1"]
[White "Vollbehr, Bjarne"]
[Black "Menne, Lukas"]
[Result "1-0"]
[ECO "E01"]
[WhiteElo "1654"]
[BlackElo "1190"]
[Annotator "NA RC COMBH"]
[PlyCount "79"]
[EventDate "2022.08.12"]
[EventType "team-tourn"]
[EventRounds "7"]
[EventCountry "GER"]
[SourceTitle "playchess.com"]
[Source "ChessBase"]
[SourceQuality "1"]
[TimeControl "40/5400+30:1800+30"]

1. d4 d5 2. c4 e6 3. g3 Nf6 4. Bg2 c6 5. Nf3 Bd6 6. O-O O-O 7. Qc2 Nbd7 8. Nbd2 e5 9. cxd5 Nxd5 10. Nc4 Qe7 11. Nxd6 Qxd6 12. dxe5 Nxe5 13. Nxe5 Qxe5 14. e4 Nf6 15. Bd2 Be6 16. Bc3 Qc5 17. Qd2 Rfd8 18. Qf4 Qe7 19. Qg5 h6 20. Qh4 Kh7 21. Qf4 Rd7 22. Bf3 Rad8 23. Bd1 Bh3 24. Re1 Kg8 25. Bc2 Qe6 26. f3 b5 27. g4 h5 28. g5 Nh7 29. g6 Qxg6+ 30. Qg3 Qxg3+ 31. hxg3 Ng5 32. Kf2 Ne6 33. Rh1 Bg4 34. Rac1 Bxf3 35. Kxf3 g6 36. Bf6 Rc8 37. Rhd1 Rcc7 38. Bb3 a5 39. a4 b4 40. Ke3 1-0

[Event "DVM U14 2021"]
[Site "Willingen"]
[Date "2022.08.13"]
[Round "1"]
[White "Martin Fernandez, Rafael"]
[Black "Le, Dinh An"]
[Result "*"]
[ECO "D77"]
[WhiteElo "1645"]
[BlackElo "1470"]
[Annotator "NA RC COMBH"]
[PlyCount "62"]
[EventDate "2022.08.12"]
[EventType "team-tourn"]
[EventRounds "7"]
[EventCountry "GER"]
[SourceTitle "playchess.com"]
[Source "ChessBase"]
[SourceQuality "1"]
[TimeControl "40/5400+30:1800+30"]

1. d4 Nf6 2. Nf3 g6 3. c4 Bg7 4. Nc3 d5 5. g3 O-O 6. Bg2 Nc6 7. O-O dxc4 8. d5 Nb4 9. Ne1 c6 10. e4 cxd5 11. exd5 Bf5 12. a3 Nd3 13. Nxd3 Bxd3 14. Re1 Nd7 15. Ne4 Qb6 16. Ra2 Rac8 17. a4 a5 18. Be3 Qb3 19. Qxb3 cxb3 20. Ra3 Bc2 21. Bc1 Ne5 22. Nd2 Nd3 23. Rf1 Nxc1 24. Rxc1 Bxb2 25. Raa1 Bxa1 26. Rxa1 b2 27. Re1 Rc7 28. Bf1 Rfc8 29. Nb1 Bxb1 30. Rxb1 Rc2 31. Kg2 Rd2 *

[Event "DVM U14 2021"]
[Site "Willingen"]
[Date "2022.08.13"]
[Round "1"]
[White "Aravindan, Midhulan"]
[Black "Schwan, Aaron"]
[Result "0-1"]
[ECO "B23"]
[WhiteElo "1642"]
[BlackElo "1672"]
[Annotator "NA RC COMBH"]
[PlyCount "94"]
[EventDate "2022.08.12"]
[EventType "team-tourn"]
[EventRounds "7"]
[EventCountry "GER"]
[SourceTitle "playchess.com"]
[Source "ChessBase"]
[SourceQuality "1"]
[TimeControl "40/5400+30:1800+30"]

1. e4 c5 2. Nc3 a6 3. f4 b5 4. d3 e6 5. Nf3 Nc6 6. Be2 Be7 7. O-O Bb7 8. f5 exf5 9. Nd5 fxe4 10. dxe4 Nf6 11. Bf4 Rc8 12. Nxf6+ Bxf6 13. Bd6 Be7 14. e5 O-O 15. Bd3 Qb6 16. Kh1 Bxd6 17. exd6 h6 18. Ng5 Ne5 19. Bh7+ Kh8 20. Qh5 Qxd6 21. Be4 Bxe4 22. Nxe4 Qe7 23. Rae1 Rce8 24. h3 f6 25. b3 d5 26. Ng3 Qf7 27. Qd1 Nc6 28. Nf5 Qd7 29. Qg4 Ne5 30. Qh5 Nf7 31. Qg4 Ne5 32. Qg3 c4 33. Nh4 Kh7 34. Nf5 d4 35. Rd1 d3 36. cxd3 Nxd3 37. bxc4 bxc4 38. Nd6 Re2 39. Rxd3 cxd3 40. Qxd3+ Kh8 41. Qxe2 Qxd6 42. Rd1 Qc6 43. Re1 Rb8 44. Qe6 Qc3 45. Rd1 Qc2 46. Qd7 Rb2 47. Qd5 Rxa2 0-1

[Event "DVM U14 2021"]
[Site "Willingen"]
[Date "2022.08.13"]
[Round "1"]
[White "Bezsonna, Polina"]
[Black "Strauss, Florian"]
[Result "*"]
[ECO "B01"]
[WhiteElo "1631"]
[BlackElo "1527"]
[Annotator "NA RC COMBH"]
[PlyCount "39"]
[EventDate "2022.08.12"]
[EventType "team-tourn"]
[EventRounds "7"]
[EventCountry "GER"]
[SourceTitle "playchess.com"]
[Source "ChessBase"]
[SourceQuality "1"]
[TimeControl "40/5400+30:1800+30"]

1. e4 d5 2. exd5 Nf6 3. d4 Nxd5 4. Bc4 Nc6 5. Bb3 Nf6 6. c3 Bg4 7. Ne2 e6 8. h3 Bf5 9. Ng3 Bg6 10. O-O Bd6 11. Bg5 h6 12. Bxf6 Qxf6 13. Ba4 h5 14. Nd2 Qf4 15. Nc4 h4 16. Nxd6+ cxd6 17. Ne2 Qg5 18. Qc1 Qxc1 19. Rfxc1 a6 {[%emt 0:03:14] 0.37} 20. Nf4 *

[Event "DVM U14 2021"]
[Site "Willingen"]
[Date "2022.08.13"]
[Round "1"]
[White "Isbilir, Levin"]
[Black "Bade, Deniz"]
[Result "1-0"]
[ECO "B33"]
[WhiteElo "1629"]
[BlackElo "1414"]
[Annotator "NA RC COMBH"]
[PlyCount "79"]
[EventDate "2022.08.12"]
[EventType "team-tourn"]
[EventRounds "7"]
[EventCountry "GER"]
[SourceTitle "playchess.com"]
[Source "ChessBase"]
[SourceQuality "1"]
[TimeControl "40/5400+30:1800+30"]

1. e4 c5 2. Nf3 Nc6 3. d4 cxd4 4. Nxd4 Nf6 5. Nc3 e5 6. Ndb5 d6 7. Nd5 Nxd5 8. exd5 Nb8 9. c4 Be7 10. Bd3 O-O 11. O-O a6 12. Nc3 f5 13. Re1 e4 14. Bc2 Qc7 15. f3 exf3 16. Qxf3 Bf6 17. Bb3 Nd7 18. Be3 Bxc3 19. bxc3 Ne5 20. Qg3 Nxc4 21. Bxc4 Qxc4 22. Qxd6 Rf6 23. Qc5 Qxc5 24. Bxc5 b6 25. Re8+ Kf7 26. Rf8+ Kg6 27. Rxf6+ Kxf6 28. Bxb6 Bb7 29. Rd1 Ke7 30. c4 a5 31. c5 Ra6 32. Bc7 Kd7 33. Be5 Ra8 34. c6+ Bxc6 35. dxc6+ Kxc6 36. Bxg7 Rb8 37. Kf2 Rb7 38. Bc3 a4 39. a3 Rb3 40. Bb4 1-0

[Event "DVM U14 2021"]
[Site "Willingen"]
[Date "2022.08.13"]
[Round "1"]
[White "Mehner, Lorenz"]
[Black "Freude, Paul"]
[Result "1-0"]
[ECO "D35"]
[WhiteElo "1602"]
[BlackElo "1477"]
[Annotator "NA RC COMBH"]
[PlyCount "140"]
[EventDate "2022.08.12"]
[EventType "team-tourn"]
[EventRounds "7"]
[EventCountry "GER"]
[SourceTitle "playchess.com"]
[Source "ChessBase"]
[SourceQuality "1"]
[TimeControl "40/5400+30:1800+30"]

1. d4 Nf6 2. c4 e6 3. Nc3 d5 4. cxd5 exd5 5. Bg5 Be7 6. e3 h6 7. Bf4 O-O 8. Bd3 Nbd7 9. h3 c6 10. Nf3 Re8 11. O-O Bb4 12. a3 Bxc3 13. bxc3 Ne4 14. Qc2 Ndf6 15. Ne5 Qa5 16. c4 Be6 17. cxd5 cxd5 18. Rfc1 Rac8 19. Qb2 Qd2 20. Qxd2 Nxd2 21. Rd1 Nc4 22. Nxc4 dxc4 23. Bc2 Bd5 24. Bf5 Rc6 25. f3 g6 26. Bc2 Nh5 27. Ba4 Nxf4 28. Bxc6 Nxh3+ 29. gxh3 Bxc6 30. Kf2 Ba4 31. Re1 c3 32. Rab1 b5 33. Ke2 Rc8 34. Rec1 Kf8 35. Kd3 c2 36. Rb2 Ke7 37. h4 f6 38. e4 g5 39. hxg5 hxg5 40. Ra2 a5 41. Raa1 Ke6 42. Rh1 Kf7 43. Rh7+ Kg6 44. Rah1 g4 45. f4 c1=N+ 46. Ke3 Rc3+ 47. Kf2 Rh3 48. R7xh3 gxh3 49. Rxc1 Bb3 50. Rc5 Bc4 51. a4 Bd3 52. e5 fxe5 53. fxe5 b4 54. Rc6+ Kf5 55. Kg3 b3 56. Rb6 Bc4 57. Kxh3 Ke4 58. e6 Bxe6+ 59. Rxe6+ Kxd4 60. Rb6 Kc3 61. Kg3 b2 62. Kf3 Kc2 63. Ke3 b1=Q 64. Rxb1 Kxb1 65. Kd3 Kb2 66. Kc4 Kc2 67. Kb5 Kc3 68. Kxa5 Kd4 69. Kb6 Kd5 70. a5 Kd6 1-0

[Event "DVM U14 2021"]
[Site "Willingen"]
[Date "2022.08.13"]
[Round "1"]
[White "Beyer, Lorenz"]
[Black "Malinowsky, Levi"]
[Result "1/2-1/2"]
[ECO "A48"]
[WhiteElo "1587"]
[BlackElo "1814"]
[Annotator "NA RC COMBH"]
[PlyCount "118"]
[EventDate "2022.08.12"]
[EventType "team-tourn"]
[EventRounds "7"]
[EventCountry "GER"]
[SourceTitle "playchess.com"]
[Source "ChessBase"]
[SourceQuality "1"]
[TimeControl "40/5400+30:1800+30"]

1. d4 Nf6 2. Bf4 d6 3. e3 g6 4. Nf3 Bg7 5. h3 O-O 6. Be2 Nbd7 7. O-O Qe8 8. c3 e5 9. Bh2 Ne4 10. Nbd2 Nxd2 11. Nxd2 f5 12. Nf3 e4 13. Nd2 Nf6 14. c4 Be6 15. Rc1 Rd8 16. Qb3 b6 17. Qa3 Qe7 $11 18. d5 Bf7 19. Nb3 Qd7 20. Nd4 a5 21. Bd1 Qe8 22. Ba4 Nd7 23. Nc6 Ra8 24. Nd4 Qc8 25. Ne6 Bxe6 26. dxe6 Nc5 27. e7 Re8 28. Bxe8 Qxe8 29. Rcd1 Qxe7 30. b4 Nd3 31. Rxd3 exd3 32. Qxd3 Qe6 33. b5 Re8 34. Rd1 Qe4 35. Qb3 Re6 36. Bf4 h6 37. f3 a4 38. fxe4 axb3 39. exf5 Re4 40. axb3 g5 41. Bxd6 cxd6 42. Rxd6 Rxe3 43. Rxb6 Bd4 44. Rg6+ Kf7 45. Kf1 Rxb3 46. Rxh6 Bf6 47. Rh7+ Bg7 48. Rh5 Kf6 49. h4 g4 50. Rg5 g3 51. Rg6+ Kf7 52. Re6 Rb2 53. Re3 Rf2+ 54. Ke1 Rxg2 55. Kf1 Rf2+ 56. Ke1 Bd4 57. Rxg3 Rc2 58. Rg4 Rxc4 59. Ke2 Rb4 1/2-1/2

[Event "DVM U14 2021"]
[Site "Willingen"]
[Date "2022.08.13"]
[Round "1"]
[White "Kiefhaber, Tobias"]
[Black "Herfurt, Manuel"]
[Result "*"]
[ECO "D30"]
[WhiteElo "1581"]
[BlackElo "1656"]
[Annotator "NA RC COMBH"]
[PlyCount "37"]
[EventDate "2022.08.12"]
[EventType "team-tourn"]
[EventRounds "7"]
[EventCountry "GER"]
[SourceTitle "playchess.com"]
[Source "ChessBase"]
[SourceQuality "1"]
[TimeControl "40/5400+30:1800+30"]

1. d4 d5 2. Nf3 Nf6 3. c4 e6 4. Bg5 Be7 5. e3 O-O 6. c5 b6 7. b4 a5 8. Bxf6 Bxf6 9. cxb6 cxb6 10. b5 Nd7 11. a4 Bb7 12. Be2 Rc8 13. Nbd2 Qe7 14. Qb3 Rc7 15. O-O Rfc8 16. Ne1 e5 17. dxe5 Bxe5 18. Rd1 Rc3 19. Qb1 *

[Event "DVM U14 2021"]
[Site "Willingen"]
[Date "2022.08.13"]
[Round "1"]
[White "Sökler, Jakob"]
[Black "Gloria, Fabian"]
[Result "1-0"]
[ECO "A06"]
[WhiteElo "1571"]
[BlackElo "1420"]
[Annotator "NA RC COMBH"]
[PlyCount "93"]
[EventDate "2022.08.12"]
[EventType "team-tourn"]
[EventRounds "7"]
[EventCountry "GER"]
[SourceTitle "playchess.com"]
[Source "ChessBase"]
[SourceQuality "1"]
[TimeControl "40/5400+30:1800+30"]

1. Nf3 d5 2. e3 Nf6 3. b3 Bf5 4. Bb2 Nbd7 5. Nh4 Bg6 6. Nxg6 hxg6 7. g3 e6 8. Bg2 Bd6 9. O-O Qe7 10. a3 O-O-O 11. c4 dxc4 12. bxc4 Rh7 13. Qa4 a6 14. Bxf6 Qxf6 15. Nc3 Nb6 16. Qb3 e5 17. Na4 Qe7 18. Nxb6+ cxb6 19. Qxb6 Bc5 20. Qb2 g5 21. Rab1 Rd7 22. Qa2 g4 23. Rb3 f5 24. Rfb1 b6 25. Rxb6 Bxb6 26. Rxb6 Rh6 27. Qb1 Rxb6 28. Qxb6 Qd6 29. Bc6 Qxa3 30. Bxd7+ Kxd7 31. Qb7+ Ke6 32. Kg2 g6 33. Qd5+ Ke7 34. Qxe5+ Kf7 35. Qd5+ Kf6 36. d4 Ke7 37. c5 Qa5 38. Qd6+ Kf7 39. Qd7+ Kf6 40. Qc6+ Kf7 41. Qb7+ Kf6 42. Qb6+ Qxb6 43. cxb6 a5 44. b7 a4 45. b8=Q a3 46. Qd6+ Kg5 47. Qxa3 1-0